 Dungeon Crawl Stone Soup version 0.17-a0-1301-ga863c44 (webtiles) character file.

990 tinkerttoy the Ruffian (level 7, -4/70 HPs)
             Began as a Troll Monk on June 7, 2015.
             Slain by a gnoll
             ... wielding a +0 spear
              (9 damage)
             ... on level 7 of the Dungeon.
             The game lasted 00:14:47 (5166 turns).

tinkerttoy the Ruffian (Troll Monk)                 Turns: 5166, Time: 00:14:47

Health: -4/70      AC:  6    Str: 20    XL:     7   Next: 98%
Magic:  6/6        EV: 12    Int:  6    God:
Gold:   338        SH:  0    Dex: 14    Spells: 0 memorised, 6 levels left

rFire  . . .     SeeInvis .       - Unarmed
rCold  . . .     Clarity  .     a - +1 robe
rNeg   . . .     SustAt   .     (no shield)
rPois  .         Gourm    +     (helmet restricted)
rElec  .         Spirit   .     (no cloak)
rCorr  .         Warding  .     (gloves unavailable)
rMut   .         Stasis   .     (boots unavailable)
MR     .....                    (no amulet)
Stlth  ++........               (no ring)
                                (no ring)

@: not resistant to hostile enchantments, unstealthy
A: unfitting armour, claws 3, fast metabolism 3, gourmand, regeneration 2,
shaggy fur 1, tough skin 2
a: no special abilities


You were on level 7 of the Dungeon.
You were full.

You visited 2 branches of the dungeon, and saw 8 of its levels.

You collected 338 gold pieces.

Inventory:

Armour
 a - a +1 robe (worn)
Magical devices
 i - a wand of hasting (1)
 r - a wand of disintegration (13)
Scrolls
 c - 2 scrolls of recharging
 d - 6 scrolls of identify
 e - 4 scrolls of blinking
 f - 6 scrolls of remove curse
 o - a scroll of amnesia {unknown}
 s - a scroll of fear
Potions
 g - a potion of might
 k - a potion of flight
 p - a potion of brilliance {unknown}
 q - a potion of poison
Books
 n - a Young Poisoner's Handbook

   Spells                             Type                      Level
   a - Sting                          Conjuration/Poison           1
   b - Cure Poison                    Poison                       2
   c - Mephitic Cloud                 Conjuration/Poison/Air       3
   d - Olgreb's Toxic Radiance        Poison                       4
   e - Venom Bolt                     Conjuration/Poison           5
 B - a book of Minor Magic

   Spells                             Type                      Level
   a - Magic Dart                     Conjuration                  1
   b - Blink                          Translocation                2
   c - Call Imp                       Summoning                    2
   d - Repel Missiles                 Charms/Air                   2
   e - Slow                           Hexes                        2
   f - Conjure Flame                  Conjuration/Fire             3
   g - Mephitic Cloud                 Conjuration/Poison/Air       3
Comestibles
 b - 5 bread rations
 h - a chunk of flesh
 j - 3 meat rations
 A - a beef jerky


   Skills:
 + Level 4.2 Fighting
 + Level 5.4 Dodging
 + Level 2.0 Stealth
 + Level 6.4 Unarmed Combat


You had 6 spell levels left.
You didn't know any spells.

Dungeon Overview and Level Annotations

Branches:
Dungeon (7/15)             Temple (1/1) D:6

Altars:
Ashenzari
Cheibriados
Dithmenos
Elyvilon
Fedhas
Gozag
Kikubaaqudgha
Okawaru
Qazlal
Ru
Sif Muna
Trog
Vehumet
Xom
Yredelemnul
Zin
The Shining One


Innate Abilities, Weirdness & Mutations

You are too large for most types of armour.
You have claws for hands.
Your metabolism is lightning-fast.
You like to eat raw meat.
You heal very quickly.
You are covered in fur (AC +1).
You have very tough skin (AC +2).


Message History

The gnoll hits you but does no damage.
You claw the giant gecko!
You kill the giant gecko!
The gnoll hits you from afar with a spear.
* * * LOW HITPOINT WARNING * * *
You scratch the kobold.
You kill the kobold!
The gnoll hits you from afar with a spear!
* * * LOW HITPOINT WARNING * * *
The gnoll hits you from afar with a spear.
* * * LOW HITPOINT WARNING * * *
The gnoll barely misses you.
Things that are here:
2 throwing nets; a gnoll corpse You barely miss the gnoll.
The gnoll misses you. The gnoll misses you.
You scratch the gnoll.
The gnoll begins to bleed from its wounds!
The gnoll is moderately wounded.
The gnoll closely misses you. The gnoll hits you with a spear!
You die...

#.#### #..)....
#.#### #######.
#....# #.
######.# #. #..
#.# #. ##.. #.#
#. ... #.# ##
#(###.#
#g@)#.#### #
#......#.#....#
#
#.##.#.#g...#.#
#### ..
#...##)# ..
#... ##
#.....#.# .#
#... #.....#..
.. #...
#..!...... .#
#...
#..[...#... .
#...
#...........
+...


You could see 2 gnolls.

Vanquished Creatures
  Prince Ribbit (D:6)
  A sky beast (D:6)
  An orc warrior (D:7)
  Blork the orc (D:5)
  A gnoll sergeant (D:7)
  2 crimson imps
  2 hounds
  A centaur skeleton (D:6)
  An orc wizard (D:7)
  An iguana (D:4)
  3 gnolls (D:7)
  Robin (D:3)
  11 adders
  2 oozes (D:2)
  2 worms (D:2)
  6 giant geckos
  9 orcs
  2 ball pythons
  12 goblins
  15 hobgoblins
  6 kobolds
  2 quokkas
  15 bats
  6 giant cockroaches
  2 giant gecko skeletons
  8 giant newts
  11 rats
125 creatures vanquished.

Notes
Turn   | Place    | Note
--------------------------------------------------------------
     0 | D:1      | tinkerttoy the Troll Monk began the quest for the Orb.
     0 | D:1      | Reached XP level 1. HP: 22/22 MP: 0/0
   131 | D:1      | Reached XP level 2. HP: 29/29 MP: 1/1
   752 | D:2      | Reached XP level 3. HP: 23/36 MP: 2/2
  1107 | D:2      | Reached XP level 4. HP: 44/44 MP: 3/3
  1286 | D:3      | Found a glowing silver altar of Zin.
  1914 | D:3      | Noticed Robin
  1921 | D:3      | Killed Robin
  1921 | D:3      | Reached XP level 5. HP: 48/52 MP: 4/4
  1993 | D:3      | Reached skill level 5 in Unarmed Combat
  2029 | D:3      | Found an iron altar of Okawaru.
  2261 | D:3      | Found a sacrificial altar of Ru.
  2270 | D:3      | Found a glowing golden altar of the Shining One.
  2670 | D:4      | Found a blossoming altar of Fedhas.
  3170 | D:5      | Entered Level 5 of the Dungeon
  3199 | D:5      | Found a stormy altar of Qazlal.
  3369 | D:5      | Found a shimmering altar of Xom.
  3418 | D:5      | Noticed Blork the orc
  3427 | D:5      | Killed Blork the orc
  3427 | D:5      | Reached XP level 6. HP: 49/61 MP: 5/5
  3713 | D:5      | Found a white marble altar of Elyvilon.
  3837 | D:6      | Found a staircase to the Ecumenical Temple.
  3846 | Temple   | Entered the Ecumenical Temple
  4110 | D:6      | Found a blossoming altar of Fedhas.
  4148 | D:6      | Noticed Prince Ribbit
  4754 | D:7      | Reached XP level 7. HP: 66/68 MP: 6/6
  4792 | D:6      | Gained mutation: You have a beak for a mouth. [potion of mutation]
  4792 | D:6      | Gained mutation: You can breathe flames. [potion of mutation]
  4792 | D:6      | Gained mutation: Your spells are a little harder to cast, but a little more powerful. [potion of mutation]
  4793 | D:6      | Lost mutation: You can breathe flames. [potion of cure mutation]
  4793 | D:6      | Lost mutation: Your spells are a little harder to cast, but a little more powerful. [potion of cure mutation]
  4793 | D:6      | Lost mutation: You have a beak for a mouth. [potion of cure mutation]
  4810 | D:6      | Killed Prince Ribbit
  4810 | D:6      | Reached skill level 5 in Dodging
  4810 | D:6      | Reached skill level 6 in Unarmed Combat
  4928 | D:7      | Found a shadowy altar of Dithmenos.
  5166 | D:7      | Slain by a gnoll

Vault maps used:
D:1:      tarquinn_simple_flora_water_c
D:3:      mumra_celtic_spiral_tile, okawaru_metal_pillars_1_2,
          grunt_temple_overflow_open, nicolae_overflow_crystal_walls, uniq_robin
D:4:      lemuel_round_altar
D:5:      elyvilon_altar_4, nicolae_qazlal_general_emergency,
          nicolae_overflow_hidden_temple, first_bread, uniq_blork_the_orc
D:6:      temple_statues, fedhas_altar_1, uniq_prince_ribbit1
D:7:      grunt_dithmenos_smoke_and_mirrors, bh_chokoban, grunt_ogre_cave
Temple:   nicolae_temple_figure_zero

Action                   |  1- 3 |  4- 6 |  7- 9 || total
-------------------------+-------+-------+-------++-------
Melee: Unarmed           |   105 |   225 |    80 ||   410
Throw: Tomahawk          |       |     1 |     2 ||     3
  Use: Potion            |       |       |    14 ||    14
       Scroll            |       |       |    11 ||    11
 Stab: Sleeping          |     1 |     1 |     1 ||     3
  Eat: Chunk             |    15 |    26 |     9 ||    50
